 Dungeon Crawl Stone Soup version 0.30.1-11-g7821555f0a (webtiles) character file.

Game seed: 14937701640014842545

113 KittyFluff the Cudgeller (level 4, -2/43 HPs)
             Began as a Gargoyle Berserker on Nov 7, 2023.
             Was a Believer of Trog.
             Slain by a lemure (3 damage)
             ... led by Pikel
             ... on level 4 of the Dungeon.
             The game lasted 00:07:43 (2009 turns).

KittyFluff the Cudgeller (Gargoyle Berserker)       Turns: 2009, Time: 00:07:44

Health: -2/43      AC:  5    Str: 23    XL:     4   Next: 96%
Magic:  4/4        EV: 12    Int:  7    God:    Trog [**....]
Gold:   104        SH:  0    Dex:  9    Spells: 3/3 levels left

rFire   . . .        a - +0 mace
rCold   . . .        (no shield)
rNeg    + . .        b - +0 animal skin
rPois   ∞            (no helmet)
rElec   +            (no cloak)
rCorr   .            (no gloves)
SInv    .            (no boots)
Will    .....        (no amulet) Stlth
                     (no ring)
HPRegen 0.27/turn    (no ring)
MPRegen 0.09/turn

%: no passive effects
@: berserking, very quick
A: sickness immunity, AC +3, negative energy resistance 1, electricity
resistance, torment resistance 1, petrification resistance
a: Renounce Religion, Berserk, Trog's Hand


You were on level 4 of the Dungeon.
You worshipped Trog.
Trog was pleased with you.
You visited 1 branch of the dungeon, and saw 4 of its levels.

You collected 104 gold pieces.

Inventory:

Hand Weapons
 a - a +0 mace (weapon)
 n - a +0 sling
Armour
 b - a +0 animal skin (worn)
Wands
 o - a wand of iceblast (2)
Scrolls
 c - a scroll of immolation {unknown}
 f - 6 scrolls of identify {unknown}
 g - a scroll of fog {unknown}
 h - a scroll of amnesia {unknown}
 k - a scroll of enchant armour {unknown}
Potions
 d - 5 potions of curing {unknown}
 e - 2 potions of degeneration {unknown}
 i - a potion of invisibility {unknown}
 j - 3 potions of might {unknown}
 l - a potion of resistance {unknown}
 m - a potion of lignification {unknown}


   Skills:
 + Level 3.8 Fighting
 * Level 3.9 Maces & Flails
 * Level 3.6 Armour
 + Level 2.2 Dodging


You had 3 spell levels left.
You didn't know any spells.
Your spell library was empty.

Dungeon Overview and Level Annotations

Branches:
Dungeon (4/15)
 Temple: D:4-7

Altars:
Nemelex Xobeh

Annotations:
D:4 Pikel


Innate Abilities, Weirdness & Mutations

You are immune to sickness and miasma.
Your stone body is resilient. (AC +3)
You are immune to poison.
You resist negative energy. (rN+)
You are resistant to electric shocks. (rElec)
You are resistant to unholy torment.
You are immune to petrification.


Message History

You closely miss the lemure. The lemure hits you but does no damage.
The lemure closely misses you.
You closely miss the lemure. The lemure hits you.
You miss the lemure.
A lemure comes into view.
The lemure closely misses you.
You hit the lemure.
The lemure is lightly wounded.
The lemure closely misses you. The lemure completely misses you.
You hit the lemure.
The lemure is moderately wounded.
The lemure hits you. The lemure misses you.
Pikel, Merchant of Souls comes into view.
He is wielding a +1 whip of electrocution.
You closely miss the lemure.
The lemure is moderately wounded.
The lemure misses you. The lemure hits you! The lemure hits you.
* * * LOW HITPOINT WARNING * * *
The lemure barely misses you.
The lemure shouts!
You hit the lemure but do no damage. The lemure barely misses you.
The lemure hits you but does no damage.
A red film seems to cover your vision as you go berserk!
You feel yourself moving faster!
You feel mighty! The lemure hits you.
* * * LOW HITPOINT WARNING * * *
The lemure barely misses you.
You barely miss the lemure. The lemure misses you. The lemure hits you.
* * * LOW HITPOINT WARNING * * *
You closely miss the lemure. You hit the lemure.
The lemure is lightly wounded.
The lemure hits you.
* * * LOW HITPOINT WARNING * * *
Pikel breaks down the door.
Found 14 gold pieces.
Found a stone staircase leading down.
You barely miss the lemure.
The lemure is lightly wounded.
The lemure hits you.
* * * LOW HITPOINT WARNING * * *
The lemure barely misses you. The lemure hits you.
You die...

####### ....$.#
..... >..
###'#####.##
#######
#5@5K5......
#.....#
#5######....
####.#.###....5.5.
.
#....#.......#####
#.######.....##..
#.# #......'...
#.# ####..#<..#...
#.# #.........# ..
#.###.........# .


You could see Pikel and 4 lemures.

Vanquished Creatures
  4 adders
  An ufetubus (D:4)
  5 worms
  A dart slug (D:2)
  An orc (D:3)
  2 ball pythons
  6 endoplasms
  8 hobgoblins
  3 jackals (D:1)
  5 kobolds
  4 quokkas
  4 bats
  4 goblins
  5 rats
53 creatures vanquished.

Notes
Turn   | Place    | Note
-------+----------+-------------------------------------------
     0 | D:1      | KittyFluff the Gargoyle Berserker began the quest for the
                  | Orb.
     0 | D:1      | Reached XP level 1. HP: 14/14 MP: 1/1
   272 | D:1      | Reached XP level 2. HP: 19/19 MP: 2/2
   710 | D:2      | Reached XP level 3. HP: 16/23 MP: 3/3
   821 | D:2      | Reached ** piety under Trog
   887 | D:2      | Found a sparkling altar of Nemelex Xobeh.
   976 | D:2      | Reached XP level 4. HP: 16/29 MP: 4/4
  1990 | D:4      | Noticed a lemure
  1994 | D:4      | Noticed a lemure
  1995 | D:4      | Noticed a lemure
  2000 | D:4      | Noticed a lemure
  2003 | D:4      | Noticed Pikel
  2009 | D:4      | HP: 1/43 [lemure[Pikel] (6)]
  2009 | D:4      | Slain by a lemure

Illustrated notes

Levels and vault maps discovered:
D:1:      saegor_arrival_under_anarchy, layout_basic
D:2:      layout_basic, basic_altar
D:3:      layout_loops_ring
D:4:      minmay_clustersquares, layout_basic, minmay_temple_entry_wispy,
          uniq_edmund, uniq_pikel, uniq_robin

Skill      XL: |  1  2  3 |
---------------+----------+-----
Armour         | 3 |  3.6
Dodging        | 2 |  2.2
Fighting       | |  3.8
Maces & Flails | |  3.9

Action                     |  1- 3 |  4- 6 || total
---------------------------+-------+-------++-------
  Melee: Mace              |   100 |    96 ||   196
         Punch             |     1 |       ||     1
 Invoke: Berserk           |       |     1 ||     1
 Armour: Animal skin       |    30 |    23 ||    53
  Dodge: Dodged            |    71 |    74 ||   145
